 Dungeon Crawl Stone Soup version 0.29.1-15-g9cfb28693d (webtiles) character file.

Game seed: 16056866543916763795

18 Barneous the Cutter (level 2, -2/22 HPs)
             Began as a Human Wanderer on Mar 20, 2023.
             Killed from afar by Sigmund (4 damage)
             ... with a puff of flame
             ... on level 2 of the Dungeon.
             The game lasted 00:03:35 (1738 turns).

Barneous the Cutter (Human Wanderer)                Turns: 1738, Time: 00:03:36

Health: -2/22      AC:  2    Str:  9    XL:     2   Next: 90%
Magic:  3/3        EV: 11    Int: 12    God:
Gold:   39         SH:  0    Dex: 15    Spells: 2/3 levels left

rFire   . . .      SeeInvis .   a - +3 short sword
rCold   . . .      Faith    .   (no shield)
rNeg    . . .      Spirit   .   e - +0 robe
rPois   .          Reflect  .   (no helmet)
rElec   .          Harm     .   (no cloak)
rCorr   .          Rampage  .   (no gloves)
Will    .....                   (no boots)
Stlth   ++........              (no amulet)
HPRegen 0.07/turn               (no ring)
MPRegen 0.08/turn               (no ring)

@: no status effects
A: no striking features
a: no special abilities


You were on level 2 of the Dungeon.
You visited 1 branch of the dungeon, and saw 2 of its levels.

You collected 39 gold pieces.

Inventory:

Hand Weapons
 a - a +3 short sword (weapon)
Missiles
 b - 12 poisoned darts (quivered)
Armour
 e - a +0 robe (worn)
Scrolls
 c - 2 scrolls of amnesia
Potions
 d - 2 potions of might
 f - 3 potions of curing
 h - 2 potions of flight


   Skills:
 + Level 2.2 Fighting
 + Level 3.2 Short Blades
 * Level 1.0 Throwing
 + Level 2.0 Armour
 * Level 0.4 Dodging
 * Level 0.5 Stealth
 * Level 1.2 Spellcasting
 * Level 1.0 Translocations


You had 2 spell levels left.
You knew the following spells:

 Your Spells              Type           Power      Damage    Failure   Level
a - Apportation           Tloc           6%         N/A       19%         1

Your spell library contained the following spells:

 Spells                   Type           Power      Damage    Failure   Level
 Portal Projectile        Hex/Tloc       4%         N/A       56%         3
 Chain Lightning          Conj/Air       0%         N/A       100%        9
 Fire Storm               Conj/Fire      0%         5d1       100%        9
 Shatter                  Erth           0%         3d5*      100%        9


Dungeon Overview and Level Annotations

Branches:
Dungeon (2/15)

Altars:

Annotations:
D:2 Sigmund


Message History

You closely miss the hobgoblin. The hobgoblin misses you.
You barely miss the hobgoblin. The hobgoblin barely misses you.
You hit the hobgoblin.
The hobgoblin is severely wounded.
You hit the hobgoblin.
You kill the hobgoblin!
You see here a hobgoblin corpse.
You see here a dart slug corpse.
You start resting.
HP restored.
You start waiting.
Done waiting.
Sigmund the Dreaded comes into view.
He is wielding a +0 scythe.
Sigmund shouts!
Throw: 13 darts (poison)
Press: ? - help, Q - select action, (/) - cycle Shift-Dir - straight line, f - Sigmund
Aim: Sigmund, wielding a +0 scythe and wearing a +0 robe (55% to hit)
You throw a poisoned dart.
The poisoned dart closely misses Sigmund.
Sigmund points at you and mumbles some strange words.
You are confused.
Sigmund gestures at you while chanting. The magic dart hits you!
Found a runed helmet.
Sigmund casts a spell at you. The magic dart hits you.
You start resting.
Sigmund is nearby!
Sigmund points at you and mumbles some strange words.
You resist with significant effort.
You feel less confused.
Sigmund hits you from afar with a +0 scythe.
* * * LOW HITPOINT WARNING * * *
Sigmund barely misses you. Sigmund barely misses you.
You hit Sigmund.
Sigmund is lightly wounded.
Sigmund points at you and mumbles some strange words.
The puff of flame hits you.
You die...

[ ....#..####
....#.(... #....#...
#....... #....#.# #####
#....#@########+ #...#
#.....@......... #...#
#............... #...#
#............... #.รท.#
#....#.......... #...#
#....#..######### #...#
#....#..........###...#
#....##.####..........#
#.... #.# #.........)#
#.... #.# #...........


You could see Sigmund.

Vanquished Creatures
  A dart slug (D:2)
  2 ball pythons
  2 endoplasms (D:1)
  4 goblins
  A hobgoblin (D:2)
  A quokka (D:1)
  2 frilled lizards (D:1)
  2 kobolds (D:1)
  A rat (D:1)
16 creatures vanquished.

Notes
Turn   | Place    | Note
-------+----------+-------------------------------------------
     0 | D:1      | Barneous the Human Wanderer began the quest for the Orb.
     0 | D:1      | Barneous set off with the following items: a +2 short
                  | sword, 13 poisoned darts, a +0 dagger, a potion of might, a
                  | +0 robe; and the following spell memorised: Apportation;
                  | and the following spells available to memorise: Portal
                  | Projectile.
     0 | D:1      | Reached XP level 1. HP: 16/16 MP: 2/2
   174 | D:1      | Found a faded altar of an unknown god.
   288 | D:1      | Reached XP level 2. HP: 18/22 MP: 3/3
  1726 | D:2      | Noticed Sigmund
  1734 | D:2      | HP: 1/22 [Sigmund/+0 scythe (6)]
  1738 | D:2      | Killed from afar by Sigmund

Illustrated notes

Levels and vault maps discovered:
D:1:      nzn_arrival_depleted_hourglass, layout_basic,
          hellmonk_ecumenical_altar_lost_god
D:2:      layout_basic, minmay_pentomino_o2, uniq_sigmund

Action                   || total
-------------------------++-------
Melee: Short sword       ||    55
Throw: Dart              ||     1
  Use: Scroll            ||     5
       Potion            ||     2
Armor: Robe              ||     4
Dodge: Dodged            ||    31
